General information
			
			
        
        - name: 1v1 Obs from 0bs w/ <18
 
        - type: Custom game
 
        - host: ElectricCoolAid
 
        - saver: TIMG4STRok
 
        
map: TurtleRock 
        - players: 12
 
        - length: 17:16
 
        - speed: Fast
 - version: 1.22 W3XP
 - replay type:  

 
» download(77 KB)
Players
        team 1 (loser) 
              
              
bLinn (
purple | 169 APM | 2908 actions | 17:14)
              
 3 Blademaster 
 2 Wind Walk
 1 Critical Strike
 3 Shadow Hunter 
 1 Hex
 2 Healing Wave
 
                » actions 
                
                | Assign group hotkey | 122 |  | 
| Basic commands | 8 |  | 
| Build / train | 58 |  | 
| Enter build submenu | 15 |  | 
| Enter hero's abilities submenu | 6 |  | 
| Give item / drop item | 4 |  | 
| Right click | 1274 |  | 
| Select / deselect | 362 |  | 
| Select group hotkey | 907 |  | 
| Use ability | 151 |  | 
                2908 total
 » units 
                
                | Peon | 7 |  | 
| Grunt | 8 |  | 
| Raider | 4 |  | 
| Spirit Walker | 3 |  | 
| Kodo Beast | 1 |  | 
                23 total
 » upgrades
                
                | Berserker Strength | 1 |  | 
| Pillage | 1 |  | 
| Ensnare | 1 |  | 
| Spirit Walker Training | 1 |  | 
| Armor | 1 |  | 
                5 total
 » buildings
                
                | Altar of Storms | 1 |  | 
| Orc Burrow | 8 |  | 
| Barracks | 1 |  | 
| Stronghold | 2 |  | 
| Voodoo Lounge | 1 |  | 
| Beastiary | 1 |  | 
| Spirit Lodge | 1 |  | 
| War Mill | 1 |  | 
                16 total
 » build order
                00:04 Altar of Storms
00:13 Orc Burrow
00:41 Barracks
01:25 Orc Burrow
02:42 Stronghold
02:42 Stronghold
03:16 Voodoo Lounge
04:07 Orc Burrow
05:20 Beastiary
06:12 Spirit Lodge
08:07 Orc Burrow
08:09 Orc Burrow
10:11 Orc Burrow
10:12 Orc Burrow
12:14 Orc Burrow
12:35 War Mill
» items
                
                | Healing Salve | 6 |  | 
| Lesser Clarity Potion | 2 |  | 
| Scroll of Speed | 1 |  | 
| Scroll of Town Portal | 3 |  | 
                12 total
  
               team 2 (winner) 
              
              
» 
TIMG4STRok (
gray | 152 APM | 2621 actions | 17:16)
              
 4 Paladin 
 2 Holy Light
 1 Devotion Aura
 1 Divine Shield
 3 Goblin Alchemist 
 2 Healing Spray
 1 Acid Bomb
 
                » actions 
                
                | Assign group hotkey | 29 |  | 
| Basic commands | 70 |  | 
| Build / train | 68 |  | 
| Enter build submenu | 26 |  | 
| Enter hero's abilities submenu | 7 |  | 
| Give item / drop item | 3 |  | 
| Right click | 1168 |  | 
| Select / deselect | 258 |  | 
| Select group hotkey | 891 |  | 
| Use ability | 101 |  | 
                2621 total
 » units 
                
                | Peasant | 14 |  | 
| Footman | 7 |  | 
| Priest | 4 |  | 
| Spell Breaker | 6 |  | 
| Rifleman | 3 |  | 
                34 total
 » upgrades
                
                | Defend | 1 |  | 
| Priest Training | 2 |  | 
| Swords | 1 |  | 
| Long Rifles | 1 |  | 
                5 total
 » buildings
                
                | Altar of Kings | 1 |  | 
| Barracks | 1 |  | 
| Farm | 10 |  | 
| Scout Tower | 3 |  | 
| Arcane Tower | 1 |  | 
| Arcane Vault | 2 |  | 
| Keep | 1 |  | 
| Arcane Sanctum | 2 |  | 
| Town Hall | 1 |  | 
| Castle | 1 |  | 
| Blacksmith | 1 |  | 
| Lumber Mill | 1 |  | 
| Guard Tower | 1 |  | 
                26 total
 » build order
                00:06 Altar of Kings
00:18 Barracks
00:26 Farm
00:49 Farm
01:31 Farm
01:38 Scout Tower
02:14 Arcane Tower
02:35 Farm
03:03 Arcane Vault
03:24 Farm
04:04 Keep
04:47 Farm
06:21 Farm
06:40 Arcane Sanctum
06:43 Arcane Sanctum
10:06 Town Hall
11:56 Castle
11:58 Farm
12:00 Blacksmith
12:53 Lumber Mill
14:41 Farm
15:17 Farm
16:05 Guard Tower
17:00 Scout Tower
17:01 Arcane Vault
17:02 Scout Tower
» items
                
                | Dust of Appearance | 1 |  | 
| Scroll of Regeneration | 3 |  | 
| Lesser Clarity Potion | 5 |  | 
| Boots of Speed | 1 |  | 
| Scroll of Town Portal | 2 |  | 
| Staff of Sanctuary | 1 |  | 
| Ivory Tower | 3 |  | 
                16 total
  
               observersElectricCoolAid, 
ActionJackson3, 
Liko, 
biDu., 
Psilocibyn, 
keven616, 
trumarine, 
Critique, 
Froppy, 
HOTBLACKCHICK Chat log
          (00:22 / All) TIMG4STRok: GG GL
(00:27 / All) bLinn: ETA executor ;)
(00:30 / All) bLinn: *smily shy*
(00:39 / All) TIMG4STRok: *scoff foot(
(05:23 / All) TIMG4STRok: NICE VENT AHCK
(05:31 / All) bLinn: LOL GG
(17:13 / All) bLinn: G_G